AoeStats
← Khirs

Arena

505893098Analyzed
4v4 RM · 21d ago on Sep 11, 2026· 53m 48s· 8 players
Game mode
Random Map
Map size
Large (8 player)
Population
200
Speed
Normal
Resources
Standard
Victory
Conquest
Starting age
Dark Age
Ending age
Imperial Age
RankedLock teamsTeams togetherTeam positionsShared explorationLock speedFull tech treeHidden civsTurbo modeCheats
Victory
Defeat
🇹🇷 Saracens · Türkiye
931
+13
🇱🇻 Lithuanians · Latvia
909
+13
🇩🇪 Turks · Germany
890
+14
🇪🇸 Chinese · Spain
880
+14
🇨🇳 Dravidians · China
871
-14
🇨🇳 Britons · China
865
-14
🇹🇼 Khmer · Taiwan
858
-14
🇨🇳 Persians · China
811
-12
Khirs
0:37 Loom
13:34 Feudal Age
14:18 Horse Collar
14:26 Double-Bit Axe
18:28 Stone Mining
20:46 Castle Age
19:15 Gold Mining
19:32 Fletching
21:28 Padded Archer Armor
21:24 Bodkin Arrow
22:07 Crossbowman
23:41 Leather Archer Armor
24:33 Heavy Plow
25:00 Bow Saw
32:37 Imperial Age
30:59 Great Wall
32:10 Ballistics
32:07 Forging
32:35 Pikeman
33:22 Halberdier
37:32 Chemistry
37:06 Conscription
39:11 Ring Archer Armor
40:33 Bracer
40:34 Scale Mail Armor
41:01 Capped Ram
44:18 Wheelbarrow
44:09 Rocketry
45:31 Iron Casting
47:35 Hand Cart
47:41 Chain Mail Armor
47:53 Murder Holes
49:04 Elite Chu Ko Nu
51:07 Plate Mail Armor
51:39 Blast Furnace
CoskunKaya
3:10 Loom
11:42 Feudal Age
13:35 Wheelbarrow
16:14 Castle Age
14:38 Double-Bit Axe
14:38 Horse Collar
25:51 Hand Cart
25:22 Town Watch
27:13 Bow Saw
28:06 Heavy Plow
28:50 Gold Mining
28:50 Stone Mining
32:29 Imperial Age
30:37 Gold Shaft Mining
30:31 Forging
30:27 Scale Barding Armor
31:48 Iron Casting
32:18 Chain Barding Armor
32:10 Bloodlines
32:02 Husbandry
33:16 Bimaristan
33:46 Conscription
34:36 Blast Furnace
34:40 Two-Man Saw
33:22 Elite Mameluke
34:58 Plate Barding Armor
35:10 Hoardings
34:27 Fletching
35:23 Murder Holes
35:48 Ballistics
36:29 Chemistry
35:40 Masonry
35:36 Siege Engineers
35:12 Treadmill Crane
36:13 Counterweights
36:27 Fortified Wall
38:48 Bodkin Arrow
39:43 Bracer
44:55 Herbal Medicine
ПАМПУШКА
7:28 Loom
11:42 Feudal Age
13:04 Wheelbarrow
12:15 Double-Bit Axe
12:12 Horse Collar
16:06 Gold Mining
16:11 Stone Mining
18:37 Castle Age
19:52 Bow Saw
21:30 Forging
21:20 Scale Mail Armor
21:31 Scale Barding Armor
23:03 Hand Cart
25:07 Bloodlines
24:57 Husbandry
26:55 Stone Shaft Mining
33:53 Imperial Age
32:01 Iron Casting
32:02 Chain Barding Armor
33:31 Town Watch
34:12 Cavalier
35:33 Plate Barding Armor
36:04 Conscription
36:04 Paladin
Mistăr
0:45 Loom
11:11 Feudal Age
12:10 Double-Bit Axe
12:06 Horse Collar
19:57 Castle Age
18:37 Fletching
19:31 Stone Mining
19:34 Gold Mining
21:43 Heavy Plow
21:55 Bow Saw
22:15 Arson
24:58 Bodkin Arrow
25:08 Squires
26:54 Wheelbarrow
27:47 Forging
29:28 Iron Casting
29:06 Fortified Wall
29:18 Ballistics
31:03 Padded Archer Armor
31:09 Scale Barding Armor
31:22 Masonry
33:21 Chain Barding Armor
34:05 Husbandry
34:10 Treadmill Crane
35:31 Gold Shaft Mining
38:14 Imperial Age
36:08 Scale Mail Armor
37:15 Bloodlines
37:23 Leather Archer Armor
37:24 Chain Mail Armor
37:13 Murder Holes
38:18 Hand Cart
39:21 Bracer
39:10 Arrowslits
39:57 Architecture
38:59 Elite Janissary
41:32 Blast Furnace
42:16 Conscription
42:17 Sipahi
41:58 Artillery
45:04 Bombard Tower
45:21 Plate Barding Armor
45:17 Plate Mail Armor
45:17 Ring Archer Armor
46:15 Two-Man Saw
158889596
8:42 Loom
11:55 Feudal Age
16:08 Castle Age
13:51 Horse Collar
13:57 Double-Bit Axe
18:16 Wheelbarrow
26:12 Hand Cart
28:02 Bow Saw
28:24 Heavy Plow
28:59 Gold Mining
29:02 Stone Mining
32:50 Imperial Age
31:03 Town Watch
31:36 Man-at-Arms
32:02 Gambesons
32:17 Squires
32:03 Arson
31:39 Pikeman
32:21 Town Patrol
32:26 Scale Mail Armor
32:37 Forging
32:18 Fletching
32:28 Long Swordsman
33:29 Masonry
33:30 Fortified Wall
34:31 Two-Man Saw
34:20 Iron Casting
34:00 Chain Mail Armor
33:41 Bodkin Arrow
33:50 Two-Handed Swordsman
33:51 Halberdier
34:37 Champion
35:39 Conscription
35:47 Wootz Steel
36:09 Hoardings
36:38 Blast Furnace
36:08 Plate Mail Armor
36:17 Bracer
36:18 Padded Archer Armor
38:10 Chemistry
37:31 Ballistics
39:36 Thumb Ring
40:09 Medical Corps
40:47 Elite Skirmisher
42:03 Elite Elephant Archer
44:30 Leather Archer Armor
52:33 Ring Archer Armor
53:22 Scale Barding Armor
757311513
0:39 Loom
10:38 Feudal Age
11:51 Wheelbarrow
11:10 Double-Bit Axe
21:59 Castle Age
20:41 Stone Mining
20:51 Gold Mining
23:13 Bow Saw
22:46 Horse Collar
24:40 Stone Shaft Mining
26:29 Hand Cart
34:04 Kamandaran
36:41 Imperial Age
34:15 Heavy Plow
35:18 Arson
35:34 Squires
34:54 Pikeman
38:11 Halberdier
39:09 Scale Barding Armor
39:05 Scale Mail Armor
39:16 Forging
40:33 Chain Barding Armor
40:22 Husbandry
39:42 Cavalier
44:08 Two-Man Saw
43:50 Crop Rotation
47:45 Halberdier
51:18 Plate Barding Armor
50:59 Chain Mail Armor
51:20 Iron Casting
wdog30213
11:15 Feudal Age
9:32 Loom
15:03 Castle Age
13:38 Double-Bit Axe
17:46 Bow Saw
17:30 Horse Collar
26:08 Heavy Plow
26:25 Scale Barding Armor
26:31 Forging
26:37 Fortified Wall
27:25 Wheelbarrow
26:49 Gold Mining
26:28 Light Cavalry
28:32 Chain Barding Armor
28:57 Hand Cart
29:52 Bloodlines
29:42 Husbandry
30:50 Iron Casting
33:52 Imperial Age
34:19 Hussar
36:03 Blast Furnace
36:37 Hussar
38:36 Double Crossbow
37:58 Elite Ballista Elephant
40:22 Plate Barding Armor
42:41 Man-at-Arms
42:44 Pikeman
43:28 Scale Mail Armor
fudychiji
10:24 Feudal Age
18:25 Castle Age
18:27 Double-Bit Axe
23:53 Horse Collar
25:30 Bow Saw
28:55 Heavy Plow
34:42 Imperial Age
32:51 Crossbowman
34:06 Padded Archer Armor
33:57 Fletching
35:16 Leather Archer Armor
35:56 Conscription
38:10 Chemistry
37:30 Ballistics
37:46 Ring Archer Armor
37:11 Bodkin Arrow
Connection lost

Rejoining the realm…

Still unreachable

The connection could not be restored.

Session expired

The server has moved on; the page needs a fresh start.